 Dungeon Sprint DCSS version 0.27-a0-1217-g8a41f320e8 (webtiles) character file.

Game seed: 8853026463807885586

1 funkygono the Stinger (level 1, 0/13 HPs)
             Began as a Formicid Venom Mage on June 6, 2021.
             Slain by a jackal (1 damage)
             ... in the Dungeon (Sprint VII: "The Pits").
             The game lasted 00:00:19 (32 turns).

funkygono the Stinger (Formicid Venom Mage)           Turns: 32, Time: 00:00:20

Health: 0/13       AC:  2    Str: 12    XL:     1   Next: 22%
Magic:  0/4        EV: 12    Int: 14    God:
Gold:   0          SH:  0    Dex: 11    Spells: 4/5 levels left

rFire    . . .     SeeInvis +   (no weapon)
rCold    . . .     Faith    .   (no shield)
rNeg     . . .     Spirit   .   a - +0 robe
rPois    .         Reflect  .   (helmet unavailable)
rElec    .         Harm     .   (no cloak)
rCorr    .         Rampage  .   (no gloves)
Will     .....                  (no boots)
Stlth    ++........             (no amulet)
HPRegen  0.04/turn              (no ring)
MPRegen  0.09/turn              (no ring)

@: no status effects
A: permanent stasis, dig shafts and tunnels, antennae 3, four strong arms
a: Dig


You were in the Dungeon.
You visited 1 branch

Inventory:

Armour
 a - a +0 robe (worn)
Potions
 c - a potion of curing
 d - a potion of heal wounds
 e - 2 potions of magic


   Skills:
 + Level 1.8 Dodging
 - Level 2.4 Stealth
 * Level 2.5 Spellcasting
 + Level 1.1 Transmutations
 * Level 4.5 Poison Magic


You had 4 spell levels left.
You knew the following spells:

 Your Spells              Type           Power      Damage    Failure   Level
a - Sting                 Tmut/Pois      36%        1d4       7%          1

Your spell library contained the following spells:

 Spells                   Type           Power      Damage    Failure   Level
 Poisonous Vapours        Pois/Air       16%        N/A       13%         2
 Ignite Poison            Fire/Tmut/Pois 7%         N/A       30%         3
 Olgreb's Toxic Radiance  Pois           14%        N/A       34%         4
 Mephitic Cloud           Conj/Pois/Air  6%         N/A       36%         3


Dungeon Overview and Level Annotations

Branches:
Dungeon (1/1)

Altars:


Innate Abilities, Weirdness & Mutations

You cannot be hasted, slowed, berserked, paralysed or teleported.
You can dig through walls and to a lower floor.
You have a pair of large antennae on your head. (SInv)
Your four strong arms can wield two-handed weapons with a shield.


Message History

Aiming: Sting (safe; 9% risk of failure)
Press: ? - help, Shift-Dir - straight line, f/p - jackal
Aim: a jackal (moderately wounded, poisoned, 60% to hit)
The sting hits the jackal.
The jackal looks even sicker.
The jackal is severely wounded.
The jackal barely misses you.
The jackal bites you but does no damage.
There is a staircase leading out of the dungeon here.
Casting: Sting (safe; 9% risk of failure)
Confirm with . or Enter, or press ? or * to list all spells.
Aiming: Sting (safe; 9% risk of failure)
Press: ? - help, Shift-Dir - straight line, f/p - jackal
Aim: a jackal (almost dead, poisoned, 60% to hit)
The sting hits the jackal.
The jackal looks even sicker.
You kill the jackal!
The jackal bites you. x2
Unknown command.
The jackal misses you. The jackal closely misses you. The jackal bites you.
The jackal misses you. The jackal closely misses you. x2
The jackal bites you but does no damage.
The jackal bites you. The jackal barely misses you.
The jackal closely misses you. The jackal barely misses you.
The jackal closely misses you. The jackal bites you.
Casting: Sting (safe; 7% risk of failure)
Confirm with . or Enter, or press ? or * to list all spells.
Aiming: Sting (safe; 7% risk of failure)
Press: ? - help, Shift-Dir - straight line, f - jackal
Aim: a jackal (60% to hit)
The sting hits the jackal.
The jackal is poisoned.
The jackal is moderately wounded.
The jackal bites you.
* * * LOW HITPOINT WARNING * * *
The jackal closely misses you. The jackal bites you.
* * * LOW HITPOINT WARNING * * *
The jackal closely misses you. The jackal closely misses you.
The jackal bites you.
You die...

##########++
#........... +
#......#..#.
####.##...........
......'...........
#+#####......#..#.
{ #...........
####@#####++
#..hhh..# {
#.......#
#.......#
#...<...#
#.......#
#.......#
#.......# { {{
######### {


You could see 3 jackals.

Vanquished Creatures
  A jackal (D)
1 creature vanquished.

Notes
Turn   | Place    | Note
-------+----------+-------------------------------------------
     0 | D        | funkygono the Formicid Venom Mage began the quest for the
                  | Orb.
     0 | D        | Reached XP level 1. HP: 13/13 MP: 3/3
    32 | D        | Slain by a jackal

Illustrated notes

Levels and vault maps discovered:
D:        pitsprint [storerooms_1, entrance_room_1, metal_vault_5, armoury_1,
          mini_pit_1, grid_room_1, main_hall_1, silver_pit, the_coven_1,
          the_vestibule_1, steel_vault_1, golden_pit, hallway_of_sentries,
          crystal_vault_3, iron_vault_2, final_vault]

Action                   || total
-------------------------++-------
 Cast: Sting             ||     4
Armor: Robe              ||     2
Dodge: Dodged            ||    14

Table legend: (Time is in decaauts)
 A = Elapsed time spent in this place.
 B = Non-inter-level travel time spent in this place.
 C = Inter-level travel time spent in this place.
 D = Time resting spent in this place.
 E = Time spent auto-exploring this place.
 F = Levels seen in this place.
 G = Mean time per level.
                   A        B        C        D        E       F      G
               +--------+--------+--------+--------+--------+-----+--------+
         Total |     32 |     32 |      0 |      0 |      0 |   1 |   32.0 |
       Dungeon |     32 |     32 |      0 |      0 |      0 |   1 |   32.0 |
               +--------+--------+--------+--------+--------+-----+--------+

Top non-repeatable levels by time:
       D: 32 daAuts
